 Dungeon Crawl Stone Soup version 0.29-a0-359-g541a27f54d (webtiles) character file.

Game seed: 1342042259263104235

140 Artihs the Caller (level 5, -2/35 HPs)
             Began as a Human Summoner on Apr 28, 2022.
             Killed from afar by an orc wizard (10 damage)
             ... with a magic dart
             ... on level 4 of the Dungeon.
             The game lasted 01:04:12 (3079 turns).

Artihs the Caller (Human Summoner)                  Turns: 3079, Time: 01:04:15

Health: -2/35      AC:  8    Str:  8    XL:     5   Next: 47%
Magic:  5/10       EV: 12    Int: 17    God:
Gold:   136        SH:  0    Dex: 14    Spells: 4/10 levels left

rFire   x . .      SeeInvis .   g - +0 dagger
rCold   + . .      Faith    .   (no shield)
rNeg    . . .      Spirit   .   a - +0 robe
rPois   .          Reflect  .   e - +2 helmet
rElec   .          Harm     .   h - +1 cloak
rCorr   .          Rampage  .   j - +0 pair of gloves
Will    .....                   (no boots)
Stlth   ++........              (no amulet)
HPRegen 0.11/turn               p - ring of ice
MPRegen 0.12/turn               (no ring)

@: no status effects
A: no striking features
a: no special abilities


You were on level 4 of the Dungeon.
You visited 1 branch of the dungeon, and saw 4 of its levels.

You collected 136 gold pieces.

Inventory:

Hand Weapons
 c - a +0 club
 f - a +0 whip
 g - a +0 dagger (weapon)
 k - a +0 hand axe
 o - a +0 club
 r - a +0 spear
 t - a +0 mace
 v - a +0 short sword
 y - a +0 club
 A - a +0 club
 B - a +0 hand axe
 D - a +0 hunting sling
 G - a +0 dagger
 I - a +0 dagger
Missiles
 z - 11 stones
 H - 8 poisoned darts
Armour
 a - a +0 robe (worn)
 e - a +2 helmet (worn)
 h - a +1 cloak (worn)
 i - a +0 leather armour
 j - a +0 pair of gloves (worn)
 w - a +0 robe
 x - a +0 leather armour
 C - a +0 chain mail
 F - a +0 robe
Jewellery
 p - a ring of ice (left hand)
Scrolls
 s - 2 scrolls of identify
 u - a scroll of brand weapon {unknown}
 E - a scroll of teleportation {unknown}
Potions
 b - 2 potions of magic
 d - a potion of berserk rage {unknown}
 m - 2 potions of heal wounds {unknown}
 n - a potion of attraction {unknown}
 q - a potion of haste {unknown}


   Skills:
 + Level 0.1 Fighting
 + Level 0.2 Short Blades
 + Level 2.2 Dodging
 + Level 2.1 Stealth
 + Level 3.3 Spellcasting
 + Level 5.3 Summonings


You had 4 spell levels left.
You knew the following spells:

 Your Spells              Type           Power      Damage    Failure   Level
a - Summon Small Mammal   Summ           80%        N/A       1%          1
b - Call Imp              Summ           20%        N/A       2%          2
c - Call Canine Familiar  Summ           20%        N/A       5%          3

Your spell library contained the following spells:

 Spells                   Type           Power      Damage    Failure   Level
 Apportation              Tloc           4%         N/A       17%         1
 Summon Guardian Golem    Hex/Summ       11%        N/A       17%         3
 Sublimation of Blood     Necr           2%         N/A       26%         2
 Wereblood                Tmut           2%         N/A       26%         2
 Summon Lightning Spire   Summ/Air       11%        N/A       50%         4
 Alistair's Intoxication  Tmut/Pois      1%         N/A       99%         5
 Summon Hydra             Summ           10%        N/A       100%        7


Dungeon Overview and Level Annotations

Branches:
Dungeon (4/15)
 Temple: D:4-7

Altars:
Qazlal

Annotations:
D:2 1 runed translucent door, Crazy Yiuf


Message History

You're too confused to cast spells.
You bump into the rock wall.
Something hits you. Something freezes you.
Deactivating autopickup; reactivate with Ctrl-A.
The orc wizard attacks as you move away!
The orc wizard hits you but does no damage.
Your crimson imp blinks!
The orc wizard casts a spell.
The orc wizard flickers and vanishes!
You hear some strange, mumbled words.
You are more confused.
You miss something. Something hits you but does no damage.
You hear some strange, mumbled words.
A puff of flame appears from out of thin air!
The puff of flame hits you. The fire burns you terribly!
* * * LOW HITPOINT WARNING * * *
You feel better.
Your crimson imp barely misses something.
Something hits you. x2
* * * LOW HITPOINT WARNING * * *
Your crimson imp hits something but does no damage.
Something hits you but does no damage. Something hits you.
* * * LOW HITPOINT WARNING * * *
Something hits your crimson imp. Something freezes your crimson imp.
Items here: ( ))) †††.
Something hits your crimson imp.
You hear some strange, mumbled words.
Your crimson imp easily resists.
Something closely misses your crimson imp.
You are too injured to fight recklessly!
Something hits you but does no damage.
You miss something.
An orc wizard appears from thin air!
Reactivating autopickup.
You hit the orc wizard.
The orc wizard is lightly wounded.
Your crimson imp closely misses the orc wizard.
You hear some strange, mumbled words.
A magic dart appears from out of thin air!
Deactivating autopickup; reactivate with Ctrl-A.
The magic dart hits you!
You die...

..## ##.....#........ #.
...##.............## ...
#.#...............# #.#..
#.................#...#..
##...........>....#......
#.............†..#.##.g.
##.................#....
#..............#.## .
#.#.<5@{#........# ..
#†####o#####.#.### ...
#.# #..###...#.# ....
#.###.)....##..###.....
#.......#####.#........
#.......# #.#.####...
#.......# ###...#
#......####...###
#......###...##


You could see an orc wizard (ally target) and a friendly crimson imp (summoned).

Vanquished Creatures
  An ufetubus (D:2)
  An endoplasm (D:2)
  A quokka (D:3)
  A kobold (D:3)
4 creatures vanquished.

Vanquished Creatures (collateral kills)
  A hound (D:3)
  An orc wizard (D:4)
  2 adders
  A white imp (D:3)
  2 worms (D:2)
  2 dart slugs
  6 orcs
  4 ball pythons
  6 endoplasms
  2 goblins
  3 hobgoblins
  2 quokkas
  2 bats
  3 kobolds
  4 rats
41 creatures vanquished.

Vanquished Creatures (others)
  2 demonic plants (D:1)
  9 fungi (D:4)
  7 plants (D:3)
18 creatures vanquished.

Grand Total: 63 creatures vanquished

Notes
Turn   | Place    | Note
-------+----------+-------------------------------------------
     0 | D:1      | Artihs the Human Summoner began the quest for the Orb.
     0 | D:1      | Reached XP level 1. HP: 13/13 MP: 3/3
   298 | D:1      | Reached XP level 2. HP: 19/19 MP: 3/5
   340 | D:1      | Found a faded altar of an unknown god.
   340 | D:1      | Noticed a crimson imp
   415 | D:1      | Learned a level 2 spell: Call Imp
  1569 | D:2      | Reached XP level 3. HP: 19/24 MP: 1/6
  1976 | D:2      | Found a runed translucent door.
  1977 | D:2      | Noticed Crazy Yiuf
  2285 | D:3      | Learned a level 3 spell: Call Canine Familiar
  2326 | D:3      | Reached XP level 4. HP: 26/30 MP: 1/8
  2557 | D:3      | Found a stormy altar of Qazlal.
  2712 | D:3      | Reached skill level 5 in Summonings
  2778 | D:4      | Noticed a sky beast
  2911 | D:4      | Reached XP level 5. HP: 35/35 MP: 5/9
  3079 | D:4      | Killed from afar by an orc wizard

Illustrated notes

Levels and vault maps discovered:
D:1:      nicolae_arrival_memento_mori, layout_basic,
          dreamdust_ecumenical_altar_sealed_demon, minmay_unequal
D:2:      layout_basic, st_stairs_5, dk_vineyard_3, uniq_crazy_yiuf_cottage
D:3:      layout_basic, lemuel_round_altar, gup_sewer_entry_spiral,
          serial_bayou, serial_bayou_pond_d, serial_bayou_shore_a,
          serial_bayou_pond_c, serial_bayou_pond_a, serial_bayou_pond_b,
          serial_bayou_crossing, cheibrodos_gnoll_hut
D:4:      layout_rooms, dreamdust_gnoll_farm, uniq_robin

Skill      XL: |  1  2  3  4 |
---------------+-------------+-----
Spellcasting   | 3 |  3.3
Summonings     | 5 |  5.3
Fighting       | |  0.1
Short Blades   | |  0.2
Dodging        | |  2.2
Stealth        | |  2.1

Action                   |  1- 3 |  4- 6 || total
-------------------------+-------+-------++-------
Melee: Dagger            |    19 |    37 ||    56
       Club              |     2 |       ||     2
       Punch             |       |     1 ||     1
 Cast: Summon Small Mamm |    35 |    21 ||    56
       Call Imp          |     7 |     7 ||    14
       Call Canine Famil |     1 |       ||     1
  Use: Scroll            |       |     4 ||     4
       Potion            |       |     3 ||     3
 Stab: Distracted        |     1 |       ||     1
Armor: Robe              |     8 |    26 ||    34
Dodge: Dodged            |    20 |    31 ||    51

Table legend: (Time is in decaauts)
 A = Elapsed time spent in this place.
 B = Non-inter-level travel time spent in this place.
 C = Inter-level travel time spent in this place.
 D = Time resting spent in this place.
 E = Time spent auto-exploring this place.
 F = Levels seen in this place.
 G = Mean time per level.
                   A        B        C        D        E       F      G
               +--------+--------+--------+--------+--------+-----+--------+
         Total |   3082 |   1340 |   1742 |    392 |    375 |   4 |  770.5 |
       Dungeon |   3082 |   1340 |   1742 |    392 |    375 |   4 |  770.5 |
               +--------+--------+--------+--------+--------+-----+--------+

Top non-repeatable levels by time:
     D:1: 1382 daAuts
     D:2: 890 daAuts
     D:3: 626 daAuts
     D:4: 182 daAuts
